 Dungeon Crawl Stone Soup version 0.31-a0-1522-g43313d8a59 (webtiles) character file.

Game seed: 6855341193568680563

455 FizzleBangTC the Ruffian (level 6, 59/59 HPs)
             Began as a Troll Delver on Dec 30, 2023.
             Quit the game on level 6 of the Dungeon.
             The game lasted 00:16:39 (817 turns).

FizzleBangTC the Ruffian (Troll Delver)              Turns: 817, Time: 00:16:40

Health: 59/59      AC:  4    Str: 23    XL:     6   Next: 76%
Magic:  5/5        EV:  9    Int:  6    God:
Gold:   111        SH:  0    Dex: 11    Spells: 5/5 levels left

rFire   + .          .
                       - Unarmed
rCold   + . .        (no shield)
rNeg    . . .        a - +0 robe
rPois   .            (helmet restricted)
rElec   .            h - scarf {rC+ rF+}
rCorr   .            (gloves unavailable)
SInv    .            (boots unavailable)
Will    .....        (no amulet)
Stlth   ++           (no ring)
HPRegen 1.09/turn    (no ring)
MPRegen 0.09/turn

%: no passive effects
@: no status effects
A: large, unfitting armour, claws 3, regeneration 1, shaggy fur 1, tough skin 1
a: no special abilities


You were on level 6 of the Dungeon.
You visited 1 branch of the dungeon, and saw 6 of its levels.
You also visited: Sewer.

You collected 111 gold pieces.

Inventory:

Missiles
 o - 7 poisoned darts
Armour
 a - a +0 robe (worn)
 h - a scarf of resistance (worn)
Scrolls
 b - a scroll of fog
 d - 2 scrolls of fear
 f - a scroll of noise {unknown}
 g - a scroll of enchant weapon {unknown}
 m - a scroll of teleportation
 n - a scroll of identify {unknown}
 p - a scroll of blinking {unknown}
Potions
 c - a potion of curing {unknown}
 e - a potion of resistance {unknown}
 i - 2 potions of brilliance {unknown}
 j - 2 potions of degeneration {unknown}
 k - 2 potions of magic {unknown}
 l - a potion of might {unknown}


   Skills:
 - Level 2.4 Fighting
 - Level 1.5 Dodging
 - Level 2.7 Stealth
 + Level 7.4 Unarmed Combat


You had 5 spell levels left.
You didn't know any spells.
Your spell library contained the following spells:

 Spells                   Type           Power      Damage    Failure   Level
 Magic Dart               Conj           0%         1d3       45%         1
 Blink                    Tloc           0%         N/A       58%         2
 Call Imp                 Summ           0%         N/A       58%         2
 Passage of Golubria      Tloc           0%         N/A       99%         4
 Silence                  Hex/Air        0%         N/A       100%        5
 Lehudib's Crystal Spear  Conj/Erth      0%         10d2      100%        8


Dungeon Overview and Level Annotations

Branches:
Dungeon (7/15)              Sewer (visited)
 Temple: D:4-7

Altars:
Kikubaaqudgha
Makhleb
Nemelex Xobeh
Sif Muna


Innate Abilities, Weirdness & Mutations

You are too large for most types of armour.
You have claws for hands.
Your natural rate of healing is unusually fast.
You are covered in fur. (AC +1)
You have tough skin. (AC +1)


Message History

The bombardier beetle is moderately wounded.
You scratch the bombardier beetle but do no damage.
The bombardier beetle is moderately wounded.
The bombardier beetle sprays incendiary fluid at you.
The burning spray hits you.
You are covered in liquid fire!
You claw the bombardier beetle! x2
You kill the bombardier beetle!
The liquid fire burns you!
Your Unarmed Combat skill increases to level 7!
You are covered in liquid fire.
You are glowing.
Your movement speed is average.
Your attack delay is about 0.8.
Your damage rating with unarmed combat is about 22 (Base [9 + 7 (UC)] x 132% (Str) x 104% (Fight)).
Unknown command.
Unknown command.
Unknown command.
Unknown command.
You shake off some of the fire as you move.
The liquid fire burns you!
You shake off some of the fire as you move.
The liquid fire burns you!
You shake off the liquid fire.
A hound comes into view.
Found a dagger.
The hound barely misses you. The hound bites you but does no damage.
You barely miss the hound. The hound barely misses you.
You barely miss the hound. The hound bites you.
You miss the hound. The hound barely misses you. The hound bites you.
You closely miss the hound. The hound barely misses you.
You closely miss the hound. The hound barely misses you.
You claw the hound!
You kill the hound!
There is a stone staircase leading down here.
You climb downwards.
There is a stone staircase leading up here.
A dart slug comes into view.
The helpless dart slug fails to defend itself.
You mangle the dart slug!!
You kill the dart slug!
Found a stone staircase leading down.
A hound comes into view.
Found a ring mail.
There is a stone staircase leading down here.
You climb downwards.
There is a stone staircase leading up here.
You open the door.
An iguana comes into view.
Okay, then.
Unknown command.
Okay, then.
There is an open door here.
The helpless iguana fails to defend itself.
You scratch the iguana but do no damage.
You scratch the iguana.
The iguana is lightly wounded.
The iguana bites you!
You scratch the iguana.
The iguana is moderately wounded.
The iguana bites you!
You barely miss the iguana.
The iguana is moderately wounded.
The iguana barely misses you.
You barely miss the iguana.
The iguana is moderately wounded.
The iguana closely misses you.
You barely miss the iguana.
The iguana is moderately wounded.
The iguana barely misses you.
You scratch the iguana but do no damage.
The iguana is lightly wounded.
The iguana closely misses you.
You scratch the iguana but do no damage.
The iguana is lightly wounded.
You claw the iguana!
The iguana is almost dead.
The iguana bites you.
You claw the iguana!
You kill the iguana!
Found a scroll labelled GADWEN EMEA.
An iguana comes into view.
Found a robe.
You closely miss the iguana.
The iguana hisses angrily.
You claw the iguana, but do no damage. The iguana closely misses you.
You closely miss the iguana. The iguana bites you!
You scratch the iguana. Your claw misses the iguana.
The iguana is moderately wounded.
The iguana bites you but does no damage.
You scratch the iguana but do no damage.
The iguana is moderately wounded.
The iguana barely misses you.
You claw the iguana!
The iguana is almost dead.
The iguana barely misses you.
You scratch the iguana.
You kill the iguana!
p - a scroll labelled GADWEN EMEA Unknown command.
Unknown command.
Are you sure you want to abandon this character and quit the game? (Confirm with "yes".)

#
[.......#..#..##
........#....##
........#.#### #
#######....# #
#....# # #....#
# #....# ###
#....## #.#
##@...# (.#
#....# ..#
#....# ###
#....# ######


There were no monsters in sight!

Vanquished Creatures
  Pargi (Sewer)
  A brain worm (Sewer)
  2 bombardier beetles (D:4)
  2 hounds
  3 iguanas
  3 gnolls (D:3)
  2 adders
  A dart slug (D:5)
  A ribbon worm (D:4)
  13 orcs
  2 bats (D:3)
  7 giant cockroaches (D:4)
  A goblin (D:4)
  A hobgoblin (D:4)
  2 kobolds
  4 quokkas
  2 ball pythons
  2 frilled lizards (Sewer)
  A rat (D:3)
51 creatures vanquished.

Notes
Turn   | Place    | Note
-------+----------+-------------------------------------------
     0 | D:5      | FizzleBangTC the Troll Delver began the quest for the Orb.
     0 | D:5      | Reached XP level 1. HP: 22/22 MP: 0/0
    22 | D:4      | Found a sparkling altar of Nemelex Xobeh.
   140 | D:3      | Reached XP level 2. HP: 29/29 MP: 1/1
   142 | D:3      | Reached skill level 3 in Unarmed Combat
   146 | D:3      | Reached XP level 3. HP: 32/36 MP: 2/2
   149 | D:3      | Found a burning altar of Makhleb.
   260 | D:4      | Reached skill level 4 in Unarmed Combat
   310 | D:4      | Reached XP level 4. HP: 38/44 MP: 3/3
   311 | D:4      | Found a glowing drain.
   322 | Sewer    | Entered a sewer
   322 | Sewer    | Noticed a brain worm
   327 | Sewer    | Killed a brain worm
   328 | Sewer    | Reached skill level 5 in Unarmed Combat
   328 | Sewer    | Reached XP level 5. HP: 46/50 MP: 2/4
   341 | Sewer    | Noticed Pargi
   352 | Sewer    | Killed Pargi
   353 | Sewer    | Reached skill level 6 in Unarmed Combat
   415 | D:4      | Found an ancient bone altar of Kikubaaqudgha.
   481 | D:6      | Found a shimmering blue altar of Sif Muna.
   541 | D:7      | Reached XP level 6. HP: 59/59 MP: 5/5
   697 | D:4      | Reached skill level 7 in Unarmed Combat
   817 | D:6      | Quit the game

Illustrated notes

Levels and vault maps discovered:
D:2:      layout_basic, minmay_small_reverse_x
D:3:      layout_rooms, makhleb_altar_promises_db, lemuel_coloured_pillars_altar
D:4:      layout_loops_ring, nicolae_overflow_crystal_walls,
          mainiacjoe_overflow_alcove_1, gup_sewer_entry_pipe,
          hangedman_decor_slide_cut, minmay_starry_boxes, uniq_edmund,
          uniq_sigmund
D:5:      layout_basic, worldfamousw_hep_ancestral_shrine,
          grunt_gozag_breadcrumbs
D:6:      layout_gridville, mainiacjoe_overflow_surrounded_room,
          nicolae_overflow_squiral, temple_doors_e,
          minmay_fractal_squares_gapless_5, uniq_duvessa
D:7:      layout_basic, general_overflow_altar, okawaru_gym_becter,
          gup_ossuary_entry_pyramid, doesnt_shop_hydraphobe

Skill      XL: |  1  2  3  4  5  6 |
---------------+-------------------+-----
Unarmed Combat | 3 4 5 6 7 |  7.4
Fighting       | |  2.4
Dodging        | |  1.5
Stealth        | |  2.7

Action                     |  1- 3 |  4- 6 || total
---------------------------+-------+-------++-------
  Melee: Unarmed           |    47 |    83 ||   130
         Punch             |     1 |     2 ||     3
  Evoke: Wand              |       |     3 ||     3
    Use: Potion            |     1 |       ||     1
         Scroll            |       |     3 ||     3
   Stab: Sleeping          |     1 |     5 ||     6
 Armour: Robe              |    21 |    53 ||    74
  Dodge: Dodged            |    19 |    45 ||    64

Table legend: (Time is in decaauts)
 A = Elapsed time spent in this place.
 B = Non-inter-level travel time spent in this place.
 C = Inter-level travel time spent in this place.
 D = Time resting spent in this place.
 E = Time spent auto-exploring this place.
 F = Levels seen in this place.
 G = Mean time per level.
                   A        B        C        D        E       F      G
               +--------+--------+--------+--------+--------+-----+--------+
         Total |    786 |    786 |      0 |      0 |      0 |   7 |  112.3 |
       Dungeon |    715 |    715 |      0 |      0 |      0 |   6 |  119.2 |
         Sewer |     71 |     71 |      0 |      0 |      0 |   1 |   71.0 |
               +--------+--------+--------+--------+--------+-----+--------+

Top non-repeatable levels by time:
     D:4: 279 daAuts
     D:6: 173 daAuts
     D:3: 134 daAuts
     D:5: 88 daAuts
   Sewer: 71 daAuts
     D:2: 34 daAuts
     D:7: 4 daAuts

Levels and vault maps discovered:
D:2:      layout_basic, minmay_small_reverse_x
D:3:      layout_rooms, makhleb_altar_promises_db, lemuel_coloured_pillars_altar
D:4:      layout_loops_ring, nicolae_overflow_crystal_walls,
          mainiacjoe_overflow_alcove_1, gup_sewer_entry_pipe,
          hangedman_decor_slide_cut, minmay_starry_boxes, uniq_edmund,
          uniq_sigmund
D:5:      layout_basic, worldfamousw_hep_ancestral_shrine,
          grunt_gozag_breadcrumbs
D:6:      layout_gridville, mainiacjoe_overflow_surrounded_room,
          nicolae_overflow_squiral, temple_doors_e,
          minmay_fractal_squares_gapless_5, uniq_duvessa
D:7:      layout_basic, general_overflow_altar, okawaru_gym_becter,
          gup_ossuary_entry_pyramid, doesnt_shop_hydraphobe

Table legend: (Time is in decaauts)
 A = Elapsed time spent in this place.
 B = Non-inter-level travel time spent in this place.
 C = Inter-level travel time spent in this place.
 D = Time resting spent in this place.
 E = Time spent auto-exploring this place.
 F = Levels seen in this place.
 G = Mean time per level.
                   A        B        C        D        E       F      G
               +--------+--------+--------+--------+--------+-----+--------+
         Total |    786 |    786 |      0 |      0 |      0 |   7 |  112.3 |
       Dungeon |    715 |    715 |      0 |      0 |      0 |   6 |  119.2 |
         Sewer |     71 |     71 |      0 |      0 |      0 |   1 |   71.0 |
               +--------+--------+--------+--------+--------+-----+--------+

Top non-repeatable levels by time:
     D:4: 279 daAuts
     D:6: 173 daAuts
     D:3: 134 daAuts
     D:5: 88 daAuts
   Sewer: 71 daAuts
     D:2: 34 daAuts
     D:7: 4 daAuts

Table legend:
 A = Kills in this place as a percentage of kills in the entire game.
 B = Kills by you in this place as a percentage of kills by you in the entire game.
 C = Kills by friends in this place as a percentage of kills by friends in the entire game.
 D = Other kills in this place as a percentage of other kills in the entire game.
 E = Experience gained in this place as a percentage of experience gained in the entire game.
 F = Experience gained in this place divided by the number of levels of this place that you have seen.
                   A       B       C       D       E      F
               +-------+-------+-------+-------+-------+----------------------
         Total | 100.0 | 100.0 |   N/A |   N/A | 100.0 |  93.0
       Dungeon |  90.2 |  90.2 |   N/A |   N/A |  64.1 |  69.5
         Sewer |   9.8 |   9.8 |   N/A |   N/A |  35.9 | 234.0
               +-------+-------+-------+-------+-------+----------------------
